 Dungeon Crawl Stone Soup version 0.21-a0-476-gd103f4b (webtiles) character file.

160 Laiders the Shield-Bearer (level 5, -1/41 HPs)
             Began as a Formicid Fighter on Nov 23, 2017.
             Was an Initiate of Okawaru.
             Succumbed to Sigmund's poison
             ... on level 3 of the Dungeon.
             The game lasted 00:04:22 (2292 turns).

Laiders the Shield-Bearer (Formicid Fighter)        Turns: 2292, Time: 00:04:23

Health: -1/41      AC: 10    Str: 27    XL:     5   Next: 69%
Magic:  5/5        EV:  7    Int:  7    God:    Okawaru [......]
Gold:   165        SH:  0    Dex: 10    Spells: 4/4 levels left

rFire    . . .     SeeInvis +   a - +0 flail
rCold    . . .     Gourm    .   c - +0 shield
rNeg     . . .     Faith    .   v - +0 chain mail
rPois    .         Spirit   .   (helmet unavailable)
rElec    .         Reflect  .   (no cloak)
rCorr    .         Harm     .   (no gloves)
MR       .....                  q - +0 pair of boots
Stlth    ..........             s - amulet of regeneration
HPRegen  0.53/turn              (no ring)
MPRegen  0.09/turn              (no ring)

@: confused, mighty, lethally poisoned (-1 -> -18)
A: permanent stasis, dig shafts and tunnels, four strong arms, antennae 3
a: Dig, Shaft Self, Renounce Religion


You were on level 3 of the Dungeon.
You worshipped Okawaru.
Okawaru was noncommittal.
You were not hungry.

You visited 1 branch of the dungeon, and saw 3 of its levels.

You collected 165 gold pieces.

Inventory:

Hand Weapons
 a - a +0 flail (weapon)
Armour
 c - a +0 shield (worn)
 q - a +0 pair of boots (worn)
 v - a +0 chain mail (worn)
Jewellery
 s - an amulet of regeneration (around neck)
Wands
 u - a wand of iceblast (11)
Scrolls
 g - a scroll of identify
 h - a scroll of noise {unknown}
 i - a scroll of random uselessness {unknown}
 l - a scroll of enchant armour {unknown}
 m - a scroll of fog {unknown}
 o - a scroll of remove curse
 p - a scroll of amnesia
Potions
 d - a potion of might
 e - a potion of heal wounds {unknown}
 j - a potion of resistance {unknown}
 n - a potion of flight {unknown}
 r - a potion of magic {unknown}
 w - a potion of agility {unknown}
Comestibles
 b - 14 fruits
 f - a bread ration
 k - 4 chunks of flesh
 t - a royal jelly


   Skills:
 - Level 3.2 Fighting
 + Level 4.0 Maces & Flails
 - Level 3.2 Armour
 + Level 5.6 Shields


You had 4 spell levels left.
You didn't know any spells.

Dungeon Overview and Level Annotations

Branches:
Dungeon (3/15)

Altars:
Gozag
Okawaru
Zin

Annotations:
D:3 Sigmund


Innate Abilities, Weirdness & Mutations

You cannot be hasted, slowed, berserked, paralysed or teleported.
You can dig through walls and to a lower floor.
Your four strong arms can wield two-handed weapons with a shield.
You have a pair of large antennae on your head. (SInv)


Message History

You sock Sigmund!
Sigmund is severely wounded.
* * * LOW HITPOINT WARNING * * *
You feel very sick.
Sigmund hits you with a scythe of venom.
* * * LOW HITPOINT WARNING * * *
The quokka twitches its whiskers.
You barely miss Sigmund.
Sigmund is severely wounded.
* * * LOW HITPOINT WARNING * * *
You feel very sick. You block Sigmund's attack.
Your chain mail prevents you from hitting Sigmund.
Sigmund is severely wounded.
* * * LOW HITPOINT WARNING * * *
You feel very sick. Sigmund gestures at you while chanting.
You are confused.
You bump into the rock wall.
You die...

###
###########.#
............#
#####
###########.#
#..>
#<###.###.# #
#...).....# #
#####.#########
###### ..#
#.@@r......
##8_8# ...#
###########
##...# ...#
##...#....#
.##.##....+ {
##........#
.....######
#....######
...........


You could see Sigmund and a quokka.

Vanquished Creatures
  A scorpion (D:2)
  Ijyb (D:3)
  A gnoll (D:1)
  An adder (D:2)
  An ooze (D:1)
  3 worms (D:2)
  4 dart slugs
  A leopard gecko (D:2)
  3 giant cockroaches
  5 goblins
  4 hobgoblins
  7 kobolds
  8 bats
  4 frilled lizards
  5 rats
49 creatures vanquished.

Notes
Turn   | Place    | Note
-------+----------+-------------------------------------------
     0 | D:1      | Laiders the Formicid Fighter began the quest for the Orb.
     0 | D:1      | Reached XP level 1. HP: 18/18 MP: 1/1
    79 | D:1      | Reached skill level 4 in Shields
    79 | D:1      | Reached XP level 2. HP: 18/24 MP: 2/2
   257 | D:1      | Reached XP level 3. HP: 8/29 MP: 3/3
  1330 | D:2      | Reached XP level 4. HP: 29/35 MP: 4/4
  1595 | D:2      | Found an iron altar of Okawaru.
  1603 | D:2      | Became a worshipper of Warmaster Okawaru
  1607 | D:2      | Reached skill level 5 in Shields
  1607 | D:2      | Reached XP level 5. HP: 40/41 MP: 5/5
  1930 | D:2      | Found a glowing silver altar of Zin.
  2088 | D:3      | Found an opulent altar of Gozag.
  2129 | D:3      | Noticed Ijyb
  2143 | D:3      | Killed Ijyb
  2276 | D:3      | Noticed Sigmund
  2291 | D:3      | HP: 1/41 [poisoned by Sigmund]
  2292 | D:3      | Succumbed to Sigmund's poison

Vault maps used:
D:1:      minmay_arrival_stone_box
D:2:      okawaru_gym_becter, zin_academy, lemuel_another_geyser
D:3:      kennysheep_goblin_castle, grunt_gozag_breadcrumbs, dk_vineyard_1,
          lemuel_tele_altar, uniq_ijyb, uniq_terence, uniq_natasha, uniq_sigmund

Skill      XL: |  1  2  3  4  5 |
---------------+----------------+-----
Shields        | 4 5 |  5.6
Maces & Flails | 3 4 |  4.0
Fighting       | |  3.2
Armour         | |  3.2

Action                   |  1- 3 |  4- 6 || total
-------------------------+-------+-------++-------
Melee: Flail             |    99 |    82 ||   181
  Use: Scroll            |       |     4 ||     4
       Potion            |       |     1 ||     1
  Eat: Chunk             |     1 |     4 ||     5
Armor: Scale mail        |    59 |    35 ||    94
       Chain mail        |       |     1 ||     1
Dodge: Dodged            |    34 |    36 ||    70
Block: Shield            |    58 |    41 ||    99

Table legend:
 A = Spawn XP
 B = Non-spawn XP
 C = Spawn XP percentage of total XP
 D = Spawn monster count
 E = Non-spawn monster count
 F = Spawn count percentage of total count
 G = Total turns spent on level
                    A         B        C        D         E        F      G
               +---------+---------+-------+---------+---------+-------+---------
         Total |       0 |     229 |   0.0 |       0 |      49 |   0.0 |  2292
               +---------+---------+-------+---------+---------+-------+---------
           D:1 |       0 |      57 |   0.0 |       0 |      23 |   0.0 |  1223
           D:2 |       0 |     132 |   0.0 |       0 |      23 |   0.0 |   859
           D:3 |       0 |      40 |   0.0 |       0 |       3 |   0.0 |   210
               +---------+---------+-------+---------+---------+-------+---------
